 Dungeon Crawl Stone Soup version 0.31-a0-234-gad7ace16ef (webtiles) character file.

Game seed: 5613054786874970981

99 qw the Shooter (level 4, 0/26 HPs)
             Began as a Gargoyle Hexslinger on July 9, 2023.
             Slain by an ogre
             ... wielding a +0 giant club
              (11 damage)
             ... on level 4 of the Dungeon.
             The game lasted 00:00:47 (2162 turns).

qw the Shooter (Gargoyle Hexslinger)                Turns: 2162, Time: 00:00:47

Health: 0/26       AC:  8    Str:  9 (11) XL:     4   Next: 72%
Magic:  5/5        EV: 12    Int: 14      God:
Gold:   199        SH:  0    Dex: 11 (14) Spells: 4/5 levels left

rFire   x . .        Y - +1 sling
rCold   + + .        (no shield)
rNeg    + + .        i - +1 robe of Coafiteu {rElec rF- rC++}
rPois   inf          (no helmet)
rElec   +            k - +0 cloak
rCorr   .            h - +0 pair of gloves
SInv    .            (no boots)
Will    .....        (no amulet)
Stlth   +            m - ring of positive energy
HPRegen 0.24/turn    (no ring)
MPRegen 0.09/turn

%: no passive effects
@: no status effects
A: sickness immunity, AC +3, negative energy resistance 1, electricity
resistance, torment resistance 1, petrification resistance
a: no special abilities


You were on level 4 of the Dungeon.
You visited 1 branch of the dungeon, and saw 4 of its levels.

You collected 199 gold pieces.


Innate Abilities, Weirdness & Mutations

You are immune to sickness and miasma.
Your stone body is resilient. (AC +3)
You are immune to poison.
You resist negative energy. (rN+)
You are resistant to electric shocks. (rElec)
You are resistant to unholy torment.
You are immune to petrification.


   Skills:
 - Level 2.0 Fighting
 + Level 4.5 Ranged Weapons
 - Level 1.5 Dodging
 - Level 1.0 Spellcasting
 - Level 2.6 Hexes


You had 4 spell levels left.
You knew the following spells:

 Your Spells              Type           Power      Damage    Failure   Level
a - Slow                  Hex            32%        N/A       9%          1

Your spell library contained the following spells:

 Spells                   Type           Power      Damage    Failure   Level
 Inner Flame              Hex/Fire       4%         N/A       41%         3
 Portal Projectile        Hex/Tloc       8%         N/A       41%         3
 Cause Fear               Hex            4%         N/A       65%         4

Inventory:

Hand Weapons
 Y - a +1 sling (weapon)
Armour
 a - a +0 ring mail
 h - a +0 pair of gloves (worn)
 i - the +1 robe of Coafiteu (worn) {rElec rF- rC++}
   (You found it on level 2 of the Dungeon)

   rF:        It makes you vulnerable to fire.
   rC:        It greatly protects you from cold.
   rElec:     It insulates you from electricity.
 k - a +0 cloak (worn)
Jewellery
 m - a ring of positive energy (left hand)
Potions
 b - a potion of heal wounds {unknown}
 c - a potion of invisibility {unknown}
 d - 2 potions of cancellation
 f - a potion of brilliance {unknown}
 g - a potion of attraction {unknown}
 j - 3 potions of curing
 l - a potion of resistance {unknown}

Dungeon Overview and Level Annotations

Branches:
Dungeon (4/15)
 Temple: D:4-7

Altars:


Message History

Found a leather armour.
An ogre comes into view. It is wielding a +0 giant club.
You shoot a sling bullet. The sling bullet hits the ogre!
The ogre is moderately wounded.
You shoot a sling bullet. The sling bullet hits the ogre.
The ogre is moderately wounded.
You shoot a sling bullet.
The sling bullet hits the ogre but does no damage.
The ogre is moderately wounded.
You shoot a sling bullet. The sling bullet hits the ogre.
The ogre is moderately wounded.
You shoot a sling bullet. The sling bullet hits the ogre.
The ogre is heavily wounded.
You shoot a sling bullet.
The sling bullet barely misses the ogre.
The ogre barely misses you.
You shoot a sling bullet. The sling bullet hits the ogre.
The ogre is heavily wounded.
The ogre hits you but does no damage.
You shoot a sling bullet. The sling bullet hits the ogre.
The ogre is severely wounded.
The ogre closely misses you.
You shoot a sling bullet. The sling bullet hits the ogre.
The ogre is severely wounded.
You shoot a sling bullet. The sling bullet hits the ogre!
The ogre is almost dead.
The ogre closely misses you.
You shoot a sling bullet.
The sling bullet hits the ogre but does no damage.
The ogre is almost dead.
The ogre misses you.
You shoot a sling bullet. The sling bullet hits the ogre.
The ogre is almost dead.
The ogre hits you with a +0 giant club!
Ouch! That really hurt!
You shoot a sling bullet.
The sling bullet hits the ogre but does no damage.
The ogre is almost dead.
The ogre hits you with a +0 giant club!
You die...

#.###.## . #.# ##.#
.##.# ##. .... ##
#[####### # .
#.......#### ...########
#.#####.....
..........###.#...#.....
......O@........#.......
..........###.#...#.....
...######## #.#####.....
. #.......#### #.#######
#.# #.# ... #.#


You could see an ogre.

Vanquished Creatures
  A sleepcap (D:3)
  2 adders (D:3)
  A worm (D:3)
  A dart slug (D:1)
  An orc (D:3)
  9 bats
  3 endoplasms (D:1)
  A giant cockroach (D:2)
  4 goblins
  6 hobgoblins
  2 jackals (D:1)
  5 kobolds
  3 quokkas
  A ball python (D:1)
  4 frilled lizards
  3 rats
47 creatures vanquished.

Notes
Turn   | Place    | Note
-------+----------+-------------------------------------------
     0 | D:1      | qw the Gargoyle Hexslinger began the quest for the Orb.
     0 | D:1      | Reached XP level 1. HP: 12/12 MP: 2/2
     0 | D:1      | 0 ||| qw: Version: 0.3-a-51-g015441d
     0 | D:1      | 0 ||| qw: Game counter: 4166
     0 | D:1      | 0 ||| qw: Melee chars always use a shield: true
     0 | D:1      | 0 ||| qw: God list: Okawaru
     0 | D:1      | 0 ||| qw: Allow faded altars: false
     0 | D:1      | 0 ||| qw: Do Orc after clearing Dungeon:15 true
     0 | D:1      | 0 ||| qw: Do second Lair branch before Depths: true
     0 | D:1      | 0 ||| qw: Lair rune preference: random
     0 | D:1      | 0 ||| qw: Goals: Normal
     0 | D:1      | 0 ||| PLANNING D:1-11
     6 | D:1      | 6 ||| FLEEEEING.
     7 | D:1      | 7 ||| FLEEEEING.
   144 | D:1      | Reached XP level 2. HP: 12/16 MP: 3/3
   190 | D:1      | Reached skill level 3 in Ranged Weapons
   552 | D:1      | Reached XP level 3. HP: 21/21 MP: 4/4
   804 | D:1      | 804 ||| UPGRADING to +0 leather armour.
   814 | D:1      | 814 ||| DROPPING +0 robe.
   815 | D:1      | 815 ||| UPGRADING to +0 pair of gloves.
   820 | D:1      | 820 ||| UPGRADING to +0 cloak.
   825 | D:1      | 825 ||| READING scroll labelled FOODEO YZXO.
   926 | D:1      | 926 ||| READING scroll labelled SEZIYH FOVEU.
   927 | D:1      | 927 ||| DRINKING 2 murky clear potions.
   928 | D:1      | 928 ||| DROPPING scroll of poison.
  1108 | D:2      | Identified the +1 robe of Coafiteu {rElec rF- rC++}
  1496 | D:2      | 1496 ||| UPGRADING to +0 ring mail.
  1506 | D:2      | 1506 ||| DROPPING +0 leather armour.
  1507 | D:2      | 1507 ||| UPGRADING to +1 robe of Coafiteu {rElec rF- rC++}.
  1517 | D:2      | 1517 ||| UPGRADING to ring of positive energy.
  1518 | D:2      | 1518 ||| READING scroll labelled DITIH NADOIS.
  1519 | D:2      | 1519 ||| READING scroll labelled VAPYINIASO.
  1520 | D:2      | 1520 ||| DRINKING 3 murky orange potions.
  1521 | D:2      | 1521 ||| DROPPING 2 potions of degeneration.
  1577 | D:3      | 1577 ||| STAIRDANCE
  1649 | D:3      | Found a faded altar of an unknown god.
  1751 | D:3      | Reached XP level 4. HP: 26/26 MP: 5/5
  1770 | D:3      | Reached skill level 4 in Ranged Weapons
  2097 | D:3      | 2097 ||| DRINKING 3 fizzy emerald potions.
  2149 | D:4      | Noticed an ogre
  2162 | D:4      | Slain by an ogre

Levels and vault maps discovered:
D:1:      scummos_arrival_simple_fountains, layout_basic, amethyst_killhole
D:2:      layout_basic
D:3:      layout_rooms, ebering_ecumenical_altar_box
D:4:      layout_loops_cross

Skill      XL: |  1  2  3  4 |
---------------+-------------+-----
Ranged Weapons | 3 4 |  4.5
Fighting       | 2 |  2.0
Dodging        | |  1.5
Spellcasting   | |  1.0
Hexes          | |  2.6

Action                     |  1- 3 |  4- 6 || total
---------------------------+-------+-------++-------
   Fire: Sling             |   114 |    50 ||   164
    Use: Scroll            |     4 |       ||     4
         Potion            |     2 |     1 ||     3
 Armour: Robe              |    12 |     9 ||    21
         Leather armour    |    15 |       ||    15
  Dodge: Dodged            |    36 |    15 ||    51

Table legend:
 A = Non-vault XP
 B = Vault XP
 C = Vault XP percentage of total XP
 D = Non-vault monster count
 E = Vault monster count
 F = Vault count percentage of total count
                 A         B        C        D         E       F
            +---------+---------+-------+---------+---------+-------
      Total |     142 |       0 |   0.0 |      47 |       0 |   0.0
            +---------+---------+-------+---------+---------+-------
        D:1 |      34 |       0 |   0.0 |      20 |       0 |   0.0
        D:2 |      20 |       0 |   0.0 |      11 |       0 |   0.0
        D:3 |      88 |       0 |   0.0 |      16 |       0 |   0.0
            +---------+---------+-------+---------+---------+-------
